[Event "Titled Tuesday Blitz November 08 Late 2022"]
[White "Faizrakhmanov, Ramil"]
[Black "Sargsyan, Anna M."]
[WhiteFideId "24103209"]
[BlackFideId "13308130"]
[WhiteElo "2437"]
[BlackElo "2284"]
[Result "0-1"]
[Round "05"]
[TimeControl "180+1"]
[Date "2022.11.08"]
[WhiteClock "0:00:17"]
[BlackClock "0:00:03"]

1. d4 Nf6 2. c4 g6 3. Nc3 d5 4. cxd5 Nxd5 5. e4 Nxc3 6. bxc3 c5 7. Nf3 Bg7 8. Bb5+ Bd7 9. Be2 O-O 10. O-O cxd4 11. cxd4 Nc6 12. Be3 Bg4 13. d5 Bxf3 14. Bxf3 Ne5 15. Be2 Rc8 16. Qa4 a6 17. Rab1 b5 18. Qxa6 Nc4 19. Bg5 h6 20. Bh4 Nd2 21. Qxb5 Nxf1 22. Bxf1 Rb8 23. Qxb8 Qxb8 24. Rxb8 Rxb8 25. Bxe7 Bd4 26. Bh4 Ra8 27. d6 g5 28. Bg3 Rxa2 29. h4 Kf8 30. hxg5 hxg5 31. Bb5 Rb2 32. Bc6 Bb6 33. e5 Rc2 34. Be4 Re2 35. Bf5 Re1+ 36. Kh2 Bd4 37. Kh3 Bxe5 38. d7 Ke7 39. f4 Rh1+ 40. Kg4 gxf4 41. Bf2 Bd6 42. Bb6 Rh8 43. Kg5 Rg8+ 44. Kh6 Rb8 45. Ba5 Ra8 46. Bb6 Rb8 47. Ba5 Rh8+ 48. Kg7 Be5# 0-1


[Site "https://www.chess.com"]

[Event "Titled Tuesday Blitz November 08 Late 2022"]
[White "Fernandez Guillen, Ernesto J."]
[Black "Aghasiyev, Kamal"]
[WhiteFideId "3512428"]
[BlackFideId "13402854"]
[WhiteElo "2450"]
[BlackElo "2341"]
[Result "1-0"]
[Round "05"]
[TimeControl "180+1"]
[Date "2022.11.09"]
[WhiteClock "0:00:18"]
[BlackClock "0:01:01"]

1. e4 e5 2. Nf3 Nc6 3. d4 exd4 4. Bc4 Bc5 5. O-O Nf6 6. e5 d5 7. exf6 dxc4 8. fxg7 Rg8 9. Bg5 Qd6 10. Nbd2 Qg6 11. Re1+ Be6 12. Ne4 Be7 13. Bxe7 Kxe7 14. Nxd4 Rxg7 15. Nxc6+ bxc6 16. g3 Rd8 17. Qf3 Kf8 18. Qa3+ Kg8 19. Qe7 Rc8 20. Nf6+ Kh8 21. Rad1 Bd5 22. Rd4 Qf5 23. Rf4 Qh3 24. Nxd5 cxd5 25. Rxf7 Qg4 26. Qf6 Qg6 27. Qxg6 hxg6 28. Ree7 Rxf7 29. Rxf7 Kg8 30. Rd7 c6 31. Rxa7 Re8 32. Kf1 Re4 33. Rc7 Rd4 34. a4 Rd1+ 35. Kg2 Ra1 36. Rxc6 Rxa4 37. Rxg6+ Kf7 38. Rd6 Rb4 39. Rxd5 Rxb2 40. Rd2 c3 41. Re2 Rb1 42. Re3 Rd1 43. Rxc3 1-0


[Site "https://www.chess.com"]

[Event "Titled Tuesday Blitz November 08 Late 2022"]
[White "Fier, Alexandr"]
[Black "Kanakaris, Georgios"]
[WhiteFideId "2107139"]
[BlackFideId "4209460"]
[WhiteElo "2617"]
[BlackElo "2291"]
[Result "0-1"]
[Round "05"]
[TimeControl "180+1"]
[Date "2022.11.08"]
[WhiteClock "0:02:37"]
[BlackClock "0:02:12"]

1. c4 e5 2. Nc3 Nc6 3. Nf3 Nf6 4. e3 Bb4 5. Qc2 O-O 6. a3 Bxc3 7. Qxc3 Re8 8. d4 exd4 9. Nxd4 Ne4 10. Qd3 Nc5 11. Qd1 Nxd4 12. Qxd4 Nb3 13. Qc3 Nxa1 14. b4 Qf6 15. Qxf6 gxf6 16. Bb2 Nb3 17. Kd1 a5 18. Kc2 a4 19. Bxf6 Ra6 20. Bc3 Rg6 21. f3 d6 22. e4 f5 23. exf5 Bxf5+ 24. Kb2 Rxg2+ 25. Bxg2 Re2+ 26. Bd2 Rxd2+ 27. Kc3 Rc2# 0-1


[Site "https://www.chess.com"]

[Event "Titled Tuesday Blitz November 08 Late 2022"]
[White "Forgacs, Attila Jr."]
[Black "Kim, Sergey"]
[WhiteFideId "773654"]
[BlackFideId "13700570"]
[WhiteElo "2168"]
[BlackElo "2579"]
[Result "1/2-1/2"]
[Round "05"]
[TimeControl "180+1"]
[Date "2022.11.09"]
[WhiteClock "0:01:01"]
[BlackClock "0:00:38"]

1. e4 e5 2. Nf3 Nc6 3. Bb5 a6 4. Ba4 Nf6 5. O-O b5 6. Bb3 Bc5 7. a4 Rb8 8. Nxe5 Nxe5 9. d4 Bxd4 10. Qxd4 d6 11. Bg5 c5 12. Qe3 c4 13. Ba2 O-O 14. Nc3 h6 15. Bh4 Ng6 16. Bg3 b4 17. Nd5 Nxd5 18. exd5 Re8 19. Qd4 b3 20. cxb3 cxb3 21. Bb1 a5 22. Bxg6 fxg6 23. Rfe1 Rb4 24. Qd2 Rxe1+ 25. Rxe1 Bf5 26. Qc3 Kh7 27. Qc6 Rd4 28. Bxd6 Qd7 29. Be5 Rxd5 30. Qxd7 Rxd7 31. Bc3 Rd5 32. g4 Bxg4 33. Re7 Rd7 34. Rxd7 Bxd7 35. Bxa5 Bxa4 36. Bc3 g5 37. Kg2 Bc6+ 38. Kg3 Kg6 39. f4 gxf4+ 40. Kxf4 Kf7 41. Kg3 g5 42. h4 Kg6 43. hxg5 Kxg5 44. Bd2+ Kg6 45. Bc3 h5 46. Kh4 Bf3 47. Bd2 Kf5 48. Bc3 Kf4 49. Bd2+ Ke4 50. Bc3 Ke3 51. Bh8 Kd2 52. Bg7 Kc2 53. Bh8 Bg4 54. Bg7 Kd3 55. Bh8 Kc2 56. Bg7 Kd3 57. Bh8 Kc2 1/2-1/2


[Site "https://www.chess.com"]

[Event "Titled Tuesday Blitz November 08 Late 2022"]
[White "Freile Martin, Javier"]
[Black "Antonova, Nadezhda"]
[WhiteFideId "3600165"]
[BlackFideId "14700182"]
[WhiteElo "2442"]
[BlackElo "1813"]
[Result "0-1"]
[Round "05"]
[TimeControl "180+1"]
[Date "2022.11.09"]
[WhiteClock "0:01:27"]
[BlackClock "0:02:17"]

1. c4 Nf6 2. Nc3 g6 3. d4 Bg7 4. e4 d6 5. Nf3 O-O 6. Be2 e5 7. O-O Nc6 8. d5 Ne7 9. Ne1 Nd7 10. Be3 f5 11. f3 f4 12. Bf2 g5 13. Rc1 Rf6 14. c5 a6 15. cxd6 cxd6 16. Nd3 Rh6 17. g4 fxg3 18. hxg3 Qe8 19. Kg2 Ng6 20. Na4 Nf4+ 21. gxf4 gxf4 22. Bg1 Qg6+ 23. Kf2 Qg3# 0-1


[Site "https://www.chess.com"]

[Event "Titled Tuesday Blitz November 08 Late 2022"]
[White "Gareyev, Timur"]
[Black "Dubov, Daniil"]
[WhiteFideId "14200937"]
[BlackFideId "24126055"]
[WhiteElo "2552"]
[BlackElo "2791"]
[Result "0-1"]
[Round "05"]
[TimeControl "180+1"]
[Date "2022.11.08"]
[WhiteClock "0:00:45"]
[BlackClock "0:01:52"]

1. d4 Nf6 2. c4 e6 3. Nf3 d5 4. Nc3 a6 5. cxd5 exd5 6. Bg5 Be6 7. e3 Nbd7 8. Bd3 Bd6 9. Bf4 Qe7 10. O-O O-O 11. h3 Rfe8 12. Qd2 Nf8 13. a3 Ng6 14. b4 c6 15. Rfe1 Qc7 16. Bxd6 Qxd6 17. Qc2 Re7 18. Rab1 Rae8 19. a4 Bd7 20. b5 axb5 21. axb5 Ne4 22. bxc6 bxc6 23. Rb6 h6 24. Nb5 Qf6 25. Nc7 Rc8 26. Na6 Bxh3 27. Nb4 Bd7 28. Nxc6 0-1


[Site "https://www.chess.com"]

[Event "Titled Tuesday Blitz November 08 Late 2022"]
[White "Gasparyan, David"]
[Black "Phillips, Rene"]
[WhiteFideId "13311980"]
[BlackFideId "2056275"]
[WhiteElo "2300"]
[BlackElo "1995"]
[Result "0-1"]
[Round "05"]
[TimeControl "180+1"]
[Date "2022.11.09"]
[WhiteClock "0:00:02"]
[BlackClock "0:00:08"]

1. g3 d5 2. Bg2 c6 3. d3 Bf5 4. Nd2 Nf6 5. e4 Bg6 6. Ne2 e6 7. O-O Bc5 8. Nf4 Nbd7 9. c3 dxe4 10. dxe4 Ne5 11. Qe2 Qb6 12. b4 Be7 13. Nc4 Nxc4 14. Qxc4 a6 15. Be3 Qb5 16. Qxb5 axb5 17. f3 O-O 18. Nd3 Rfd8 19. Rfd1 h6 20. Kf2 Nd7 21. Ke2 Ra3 22. Bd4 Rda8 23. Rd2 Bd8 24. Ke3 Bb6 25. f4 Bxd4+ 26. cxd4 Nb6 27. Kf3 Nc4 28. Rdd1 Nb2 29. Bf1 Rc3 30. Rd2 Nc4 31. Rdd1 Raa3 32. Rac1 Nd6 33. f5 exf5 34. e5 Bh5+ 35. Kg2 Bxd1 36. exd6 Rxc1 37. d7 Ra8 38. Nxc1 Rd8 39. Bd3 g6 40. Kf2 Rxd7 41. Ke3 Ba4 42. Ne2 Kg7 43. Nc3 Kf6 44. Be2 Bc2 45. Bf3 Ke7 46. d5 cxd5 47. Bxd5 Rc7 48. Kd4 Be4 49. Bxe4 fxe4 50. Nxe4 Rc4+ 51. Kd5 Rxb4 52. a3 Ra4 53. Nc3 Rxa3 54. Nxb5 Ra5 55. Kc5 Rxb5+ 56. Kxb5 f5 57. Kc4 g5 58. Kd3 Ke6 59. Ke3 b5 60. Kd4 b4 61. Kc4 f4 62. gxf4 gxf4 63. Kxb4 f3 64. Kc3 f2 65. Kd2 f1=Q 66. Ke3 Qg2 67. h4 Qg3+ 68. Ke2 Qxh4 69. Kf3 Qg5 70. Ke4 h5 71. Kf3 h4 72. Kf2 h3 73. Kf3 h2 74. Kf2 h1=Q 75. Ke2 Qhh4 76. Kd1 Qgg3 77. Ke2 Qhh2+ 78. Kf1 Qgg1# 0-1


[Site "https://www.chess.com"]

[Event "Titled Tuesday Blitz November 08 Late 2022"]
[White "Ghazarian, Kirk"]
[Black "Makarian, Rudik"]
[WhiteFideId "30908604"]
[BlackFideId "44105681"]
[WhiteElo "2346"]
[BlackElo "2423"]
[Result "0-1"]
[Round "05"]
[TimeControl "180+1"]
[Date "2022.11.08"]
[WhiteClock "0:00:03"]
[BlackClock "0:00:11"]

1. d4 Nf6 2. Nf3 c5 3. Bf4 cxd4 4. Qxd4 Nc6 5. Qd1 g6 6. Nbd2 Bg7 7. c3 d6 8. e4 O-O 9. Be2 Bg4 10. h3 Bxf3 11. Bxf3 Rc8 12. O-O Nd7 13. Re1 a6 14. a4 Nce5 15. Be2 Nc5 16. Qc2 Qc7 17. Nf3 Ne6 18. Be3 Nxf3+ 19. Bxf3 Nd4 20. Bxd4 Bxd4 21. Qb3 Be5 22. g3 h5 23. h4 Kg7 24. Bg2 Qc5 25. Re3 Rb8 26. Qd5 Qxd5 27. exd5 Rfc8 28. a5 Rc5 29. Ra4 b5 30. axb6 Rxb6 31. Re2 a5 32. Rd2 Rcb5 33. Ra2 a4 34. Bf1 Ra5 35. Bc4 Ra7 36. Kg2 Rc7 37. Be2 Rcb7 38. Bf3 Ra7 39. Re2 Rb3 40. Rd2 a3 41. Rxa3 Raxa3 42. bxa3 Rxa3 43. c4 Rc3 44. Be2 Rc1 45. Ra2 Bd4 46. Bf1 Bc5 47. Be2 Kf6 48. Bf1 Rc3 49. Rb2 Kg7 50. Ra2 Kf6 51. Rb2 g5 52. hxg5+ Kxg5 53. Ra2 h4 54. gxh4+ Kxh4 55. Be2 Kg5 56. Ra8 Rc2 57. Kf1 Kf6 58. Rb8 Ra2 59. Rb3 Rd2 60. Rf3+ Kg7 61. Rg3+ Kf8 62. Rf3 Rb2 63. Rh3 Bd4 64. Rd3 Bb6 65. Rf3 Ke8 66. Ra3 Kf8 67. Rf3 Rb1+ 68. Kg2 Bc5 69. Rg3 Rb2 70. Kf1 e5 71. dxe6 fxe6 72. Rh3 Ke7 73. Rh6 Rc2 74. Rg6 e5 75. Rh6 Rb2 76. Rh3 Kf6 77. Rf3+ Kg5 78. Rf7 Kg6 79. Rf3 Ra2 80. Rg3+ Kf5 81. Rf3+ Ke4 82. Rf7 Kd4 83. Rf5 Ra1+ 84. Kg2 Re1 85. Bf1 Kc3 86. Rf3+ Kb4 87. Rf8 Rc1 88. Rb8+ Kc3 89. Rg8 Rc2 90. Rg3+ Kb4 91. Rf3 e4 92. Rf7 e3 93. Bd3 Rd2 94. Bf1 e2 95. Bxe2 Rxe2 0-1


[Site "https://www.chess.com"]

[Event "Titled Tuesday Blitz November 08 Late 2022"]
[White "Girsh, Daniel"]
[Black "Richter, Paul"]
[WhiteFideId "30949190"]
[BlackFideId "2046350"]
[WhiteElo "2075"]
[BlackElo "2566"]
[Result "1-0"]
[Round "05"]
[TimeControl "180+1"]
[Date "2022.11.09"]
[WhiteClock "0:00:48"]
[BlackClock "0:01:28"]

1. e4 c5 2. Nf3 d6 3. d4 cxd4 4. Nxd4 Nf6 5. Nc3 g6 6. Be3 Bg7 7. f3 O-O 8. Qd2 Nc6 9. O-O-O d5 10. Qe1 e5 11. Nxc6 bxc6 12. Bc5 Re8 13. h4 h5 14. exd5 cxd5 15. Bb5 Re6 16. g4 hxg4 17. h5 gxf3 18. Qh4 Bb7 19. hxg6 fxg6 20. Rhg1 Nh5 21. Qg4 e4 22. Qxe6+ Kh8 23. Qxg6 Qh4 24. Rh1 Qf4+ 25. Kb1 1-0


[Site "https://www.chess.com"]

[Event "Titled Tuesday Blitz November 08 Late 2022"]
[White "Gritsenko, Nikolai"]
[Black "Storey, Charles H"]
[WhiteFideId "14112493"]
[BlackFideId "406686"]
[WhiteElo "2389"]
[BlackElo "2252"]
[Result "1/2-1/2"]
[Round "05"]
[TimeControl "180+1"]
[Date "2022.11.09"]
[WhiteClock "0:00:08"]
[BlackClock "0:00:01"]

1. b3 g6 2. Bb2 Nf6 3. Bxf6 exf6 4. c4 d5 5. cxd5 Qxd5 6. Nc3 Qa5 7. a3 Bg7 8. Nf3 c6 9. e3 O-O 10. b4 Qd8 11. Bc4 Nd7 12. O-O Ne5 13. Nxe5 fxe5 14. a4 Qe7 15. Qb3 h5 16. f4 exf4 17. Rxf4 Bf5 18. Raf1 Rad8 19. e4 Be6 20. Bxe6 Qxe6 21. Qxe6 fxe6 22. Rxf8+ Bxf8 23. Ne2 e5 24. Rf6 Kg7 25. Re6 Rxd2 26. Kf2 Bxb4 27. Re8 Bc5+ 28. Ke1 Ra2 29. Rxe5 Bb4+ 30. Kf1 Rxa4 31. Re8 Bd6 32. e5 Bc5 33. Nc3 Rc4 34. Ne2 a5 35. Rb8 b6 36. g3 Re4 37. Re8 Kf7 38. Rc8 Rxe5 39. Rxc6 Re6 40. Rc7+ Re7 41. Rc6 Re6 42. Rc7+ Ke8 43. Nf4 Rd6 44. Ke2 Kd8 45. Ra7 Kc8 46. Nd3 Rd5 47. Rg7 a4 48. Rxg6 Kb7 49. Rg7+ Ka6 50. Rg8 b5 51. Rb8 Bb6 52. Nb4+ Ka7 53. Nc6+ Ka6 54. Nb4+ Ka7 55. Nc6+ Ka6 56. Nb4+ 1/2-1/2


[Site "https://www.chess.com"]

[Event "Titled Tuesday Blitz November 08 Late 2022"]
[White "Guha, Eshan"]
[Black "Firouzja, Alireza"]
[WhiteFideId "30958628"]
[BlackFideId "12573981"]
[WhiteElo "2369"]
[BlackElo "2903"]
[Result "0-1"]
[Round "05"]
[TimeControl "180+1"]
[Date "2022.11.09"]
[WhiteClock "0:00:19"]
[BlackClock "0:02:57"]

1. d4 Nf6 2. c4 g6 3. g3 Bg7 4. Bg2 O-O 5. Nc3 d6 6. Nf3 Nbd7 7. O-O e5 8. e4 c6 9. h3 exd4 10. Nxd4 Qb6 11. Nb3 Ne5 12. Be3 Qc7 13. Nd2 Re8 14. Qc2 a6 15. f4 Ned7 16. Bf2 Qb8 17. Rad1 b5 18. b3 Bb7 19. Rfe1 h5 20. Nf1 b4 21. Nb1 c5 22. Nbd2 a5 23. Ne3 a4 24. Nd5 Bxd5 25. exd5 axb3 26. axb3 Ra3 27. Nb1 Ra1 28. Nd2 Ra3 29. Nb1 Ra6 30. Nd2 Rxe1+ 31. Rxe1 Qa8 32. Ne4 Ra2 33. Qd3 Nxe4 34. Bxe4 Bc3 35. Re2 Rxe2 36. Qxe2 Nf6 37. Bf3 Qa1+ 38. Kg2 Qb1 39. Qd1 Qb2 40. Be2 Ne4 41. Kf3 Nd2+ 42. Kg2 Qxb3 43. Qxb3 Nxb3 44. Bd1 Na5 45. Kf3 Nxc4 46. Ke4 f5+ 47. Kd3 Nb6 48. Bb3 Kf8 0-1


[Site "https://www.chess.com"]

[Event "Titled Tuesday Blitz November 08 Late 2022"]
[White "Hamley, Ryan"]
[Black "Makridis, Dimitrios"]
[WhiteFideId "30959497"]
[BlackFideId "25864475"]
[WhiteElo "2543"]
[BlackElo "2272"]
[Result "0-1"]
[Round "05"]
[TimeControl "180+1"]
[Date "2022.11.09"]
[WhiteClock "0:00:04"]
[BlackClock "0:00:30"]

1. d4 Nf6 2. Nf3 e6 3. Bf4 d5 4. e3 b6 5. Bd3 Bd6 6. Bg3 Bb7 7. Nbd2 O-O 8. O-O Ne4 9. c3 f5 10. Rc1 Nd7 11. c4 Nxg3 12. hxg3 c6 13. a3 a6 14. b4 Bc7 15. cxd5 cxd5 16. a4 Bd6 17. Qb3 Qe7 18. b5 a5 19. Rc2 Nf6 20. Rfc1 Ne4 21. Nf1 g5 22. Bxe4 dxe4 23. Ne5 Bd5 24. Qc3 Qg7 25. Nd2 f4 26. Ndc4 Bc7 27. Qd2 fxg3 28. fxg3 g4 29. Qe2 h5 30. Kh2 Rf5 31. Rf1 Raf8 32. Rxf5 Rxf5 33. Nd2 Bxe5 34. dxe5 Qxe5 35. Rc8+ Kh7 36. Nc4 Qf6 37. Nxb6 h4 38. Nxd5 hxg3+ 39. Kxg3 Rxd5 40. Rc7+ Kg6 41. Qc4 Qe5+ 42. Kf2 Rd2+ 43. Ke1 Rxg2 44. Rc6 Qa1+ 45. Qc1 Rg1+ 46. Kf2 Rxc1 0-1


[Site "https://www.chess.com"]

[Event "Titled Tuesday Blitz November 08 Late 2022"]
[White "Hansen, Eric"]
[Black "Fernandez De La Vara, Arnaldo"]
[WhiteFideId "2606771"]
[BlackFideId "3518388"]
[WhiteElo "2568"]
[BlackElo "2387"]
[Result "0-1"]
[Round "05"]
[TimeControl "180+1"]
[Date "2022.11.08"]
[WhiteClock "0:00:09"]
[BlackClock "0:00:34"]

1. d4 c5 2. d5 Nf6 3. Nc3 a6 4. a4 d6 5. e4 g6 6. h3 Bg7 7. Nf3 O-O 8. Bc4 Nbd7 9. O-O Ne8 10. Bf4 Nc7 11. Re1 Rb8 12. a5 Re8 13. Qd2 b5 14. axb6 Nxb6 15. Bf1 Bd7 16. Bh6 Bh8 17. e5 Bb5 18. e6 fxe6 19. dxe6 Qc8 20. Ng5 Bf6 21. Nce4 Be5 22. f4 Bd4+ 23. Kh1 Nxe6 24. Nxe6 Qxe6 25. Nxc5 Qd5 26. Bxb5 axb5 27. Nd3 Nc4 28. Qb4 Ne3 29. Re2 Nf5 30. Rae1 Nxh6 31. Rxe7 Rxe7 32. Rxe7 Nf5 33. Re1 Ne3 34. Re2 Ra8 35. Qe1 Qe4 36. f5 Rf8 37. Qg3 Nxf5 0-1


[Site "https://www.chess.com"]

[Event "Titled Tuesday Blitz November 08 Late 2022"]
[White "Harish, Neeraj"]
[Black "Rodriguez Santiago, Jaime"]
[WhiteFideId "30958130"]
[BlackFideId "3100898"]
[WhiteElo "1815"]
[BlackElo "2025"]
[Result "0-1"]
[Round "05"]
[TimeControl "180+1"]
[Date "2022.11.09"]
[WhiteClock "0:00:02"]
[BlackClock "0:00:32"]

1. e4 c6 2. d4 d5 3. e5 Bf5 4. Nd2 e6 5. Nb3 Nd7 6. Nf3 c5 7. dxc5 Qc7 8. Bb5 Ne7 9. Bxd7+ Qxd7 10. O-O Nc6 11. Nbd4 Bg6 12. Nxc6 Qxc6 13. b4 Be7 14. Nd4 Qc7 15. Be3 a6 16. f4 O-O 17. c3 Be4 18. Qh5 g6 19. Qe2 Rfc8 20. Nf3 a5 21. Nd2 axb4 22. cxb4 Bc2 23. Bd4 Ba4 24. g4 Qd7 25. Qg2 Bb5 26. Rf2 Ra4 27. a3 Rca8 28. Qg3 Rxb4 29. axb4 Rxa1+ 30. Bxa1 d4 31. f5 exf5 32. gxf5 Bc6 33. Nc4 Qd5 34. Rc2 Qh1+ 35. Kf2 Qxa1 36. f6 Bf8 37. Nd6 Bh6 38. e6 Be3+ 39. Ke2 Qa6+ 40. Nc4 Be8 41. Qb8 Qxe6 42. Nd6 Kf8 43. Qxe8+ Qxe8 44. Nxe8 Kxe8 45. Kd3 Kd7 46. Re2 Bg5 47. Rf2 Ke6 48. Kxd4 Bxf6+ 49. Rxf6+ Kxf6 50. b5 Ke6 51. Ke4 g5 52. c6 f5+ 0-1


[Site "https://www.chess.com"]

[Event "Titled Tuesday Blitz November 08 Late 2022"]
[White "Haszon, David"]
[Black "Salman, Pavel"]
[WhiteFideId "733610"]
[BlackFideId "24153753"]
[WhiteElo "2211"]
[BlackElo "2187"]
[Result "0-1"]
[Round "05"]
[TimeControl "180+1"]
[Date "2022.11.09"]
[WhiteClock "0:02:11"]
[BlackClock "0:02:37"]

1. d4 Nf6 2. Bf4 d6 3. Nc3 g6 4. e4 Bg7 5. Qd2 O-O 6. Bh6 c6 7. Bxg7 Kxg7 8. h4 h5 9. Nf3 b5 10. Bd3 Nbd7 11. e5 dxe5 12. dxe5 Ng4 0-1


[Site "https://www.chess.com"]

[Event "Titled Tuesday Blitz November 08 Late 2022"]
[White "Hryzlova, Sofiia"]
[Black "Wan, Joseph"]
[WhiteFideId "14174669"]
[BlackFideId "2069890"]
[WhiteElo "1992"]
[BlackElo "2200"]
[Result "1-0"]
[Round "05"]
[TimeControl "180+1"]
[Date "2022.11.09"]
[WhiteClock "0:00:15"]
[BlackClock "0:00:08"]

1. e4 g6 2. d4 Bg7 3. Nc3 d6 4. Be3 a6 5. Nf3 b5 6. Bd3 Nd7 7. O-O Bb7 8. Ne2 c5 9. c3 Ngf6 10. Ng3 O-O 11. h3 e5 12. d5 c4 13. Bc2 Qc7 14. Qd2 a5 15. Bh6 Nc5 16. Rfe1 Rfe8 17. Qg5 Bh8 18. Qh4 Nfd7 19. Nf5 Nb6 20. Ng5 f6 21. Re3 fxg5 22. Bxg5 Bg7 23. Rg3 Rf8 24. Ne7+ Kf7 25. Qxh7 Qxe7 26. Bxe7 Kxe7 27. Qxg7+ Rf7 28. Qxg6 Raf8 29. Rf1 Nbd7 30. h4 b4 31. cxb4 axb4 32. h5 Nf6 33. h6 Rg8 34. Qf5 Rh8 35. Rg6 Bc8 36. Qg5 b3 37. Rxf6 Rxf6 38. Qg7+ Rf7 39. Qxh8 bxc2 40. Qxc8 Nd3 41. h7 Rxf2 42. Qxc4 Rxf1+ 43. Kxf1 c1=Q+ 44. Qxc1 Nxc1 45. h8=Q Nd3 46. Qg7+ Kd8 47. Qf6+ Kd7 48. Qe6+ Kc7 49. Qe7+ Kc8 50. Qxd6 Nxb2 51. Qxe5 Nd3 52. Qc3+ Nc5 53. Qxc5+ Kd7 54. Qc6+ Ke7 55. a4 Kf7 56. a5 Ke7 57. a6 Kd8 58. a7 Ke7 59. a8=Q Kf7 60. Qe6+ Kg7 61. Qag8# 1-0


[Site "https://www.chess.com"]

[Event "Titled Tuesday Blitz November 08 Late 2022"]
[White "Ibadov, Dashgyn"]
[Black "Gonzalez, Francisco Silva"]
[WhiteFideId "24107514"]
[BlackFideId "1512285"]
[WhiteElo "2208"]
[BlackElo "2159"]
[Result "1-0"]
[Round "05"]
[TimeControl "180+1"]
[Date "2022.11.09"]
[WhiteClock "0:00:09"]
[BlackClock "0:00:57"]

1. d4 Nf6 2. c4 e6 3. Nc3 Bb4 4. a3 Bxc3+ 5. bxc3 c5 6. e3 Qa5 7. Bd2 d6 8. Bd3 Nc6 9. Ne2 e5 10. O-O h5 11. e4 h4 12. f4 Bg4 13. h3 Bh5 14. Qc2 Qc7 15. d5 Bxe2 16. Bxe2 Na5 17. fxe5 dxe5 18. Rxf6 gxf6 19. Bg4 b6 20. Rf1 Qd6 21. Qd3 Ke7 22. Be1 Rag8 23. Kh1 Rg6 24. Rf5 Rg5 25. Rf3 Rxg4 26. hxg4 Rg8 27. Bxh4 Rxg4 28. Bxf6+ Kd7 29. Rf5 Qf8 30. Qh3 Rg6 31. Bxe5 Kd8 32. Rh5 Nxc4 33. Rh8 Rg8 34. Bf6+ Kc7 35. Rxg8 Qxg8 36. e5 Qg6 37. d6+ Kc6 38. d7 Nd2 39. d8=Q Qb1+ 40. Kh2 Nf1+ 41. Kg1 Nd2+ 42. Kf2 Qf1+ 43. Kg3 Ne4+ 44. Kh4 Qf4+ 45. Kh5 Ng3+ 46. Qxg3 Qxg3 47. Qe8+ Kd5 48. Qxf7+ Ke4 49. e6 Qh2+ 50. Kg6 Qxg2+ 51. Bg5 Kd3 52. e7 Kxc3 53. e8=Q Kb2 54. Qe5+ Kxa3 55. Qe3+ Ka4 56. Qfb3+ Ka5 57. Qec3+ Ka6 58. Qcc4+ Kb7 59. Qd5+ Qxd5 60. Qxd5+ Ka6 61. Kf6 Kb5 62. Be3 a5 63. Ke5 a4 64. Bxc5 bxc5 65. Kd6 Kb4 66. Qxc5+ Kb3 67. Qb5+ Ka3 68. Kc5 Ka2 69. Kc4 a3 70. Kc3 Ka1 71. Kc2 a2 72. Qb2# 1-0


[Site "https://www.chess.com"]

[Event "Titled Tuesday Blitz November 08 Late 2022"]
[White "Ibarra Jerez, Jose Carlos"]
[Black "Kuzmicz, Krystian"]
[WhiteFideId "2226332"]
[BlackFideId "1119125"]
[WhiteElo "2638"]
[BlackElo "2380"]
[Result "1-0"]
[Round "05"]
[TimeControl "180+1"]
[Date "2022.11.08"]
[WhiteClock "0:00:02"]
[BlackClock "0:00:07"]

1. e4 c5 2. Nc3 g6 3. Nf3 Bg7 4. d4 cxd4 5. Nxd4 Nc6 6. Be3 Nf6 7. Bc4 O-O 8. Bb3 Re8 9. f3 e6 10. f4 d5 11. e5 Nd7 12. Qf3 Nxd4 13. Bxd4 Qa5 14. h4 h5 15. g4 hxg4 16. Qxg4 Qb4 17. O-O-O a5 18. a3 Qe7 19. h5 Nf8 20. h6 Bh8 21. h7+ Nxh7 22. Qh3 f5 23. exf6 Bxf6 24. Bxf6 Nxf6 25. Rdg1 Qg7 26. Rg5 Kf7 27. Rhg1 Rh8 28. Qd3 Rh6 29. f5 Ra6 30. fxe6+ Bxe6 31. Nxd5 Rd6 32. c4 Rh3 33. Rxg6 Qh8 34. Qd4 Nxd5 35. Rg7+ Kf8 36. cxd5 Bf7 37. Qe5 Qh6+ 38. Kb1 Re3 39. Rxf7+ Kxf7 40. Qd4 Qh7+ 41. Bc2 Qh6 42. Qc4 Rd7 43. d6+ Kf8 44. Rf1+ Ke8 45. Qg8+ 1-0


[Site "https://www.chess.com"]

[Event "Titled Tuesday Blitz November 08 Late 2022"]
[White "Janaszak, Dawid"]
[Black "Leschinsky, Gary"]
[WhiteFideId "1119206"]
[BlackFideId "30951321"]
[WhiteElo "2226"]
[BlackElo "1855"]
[Result "0-1"]
[Round "05"]
[TimeControl "180+1"]
[Date "2022.11.09"]
[WhiteClock "0:00:08"]
[BlackClock "0:00:08"]

1. d4 d5 2. Bf4 c5 3. e3 Nc6 4. Nf3 cxd4 5. exd4 Bg4 6. c3 Nf6 7. Nbd2 e6 8. Qb3 Qc8 9. Nh4 Be7 10. h3 Bh5 11. g4 Bg6 12. Nxg6 hxg6 13. Be2 Nd7 14. Kf1 g5 15. Bg3 Nf8 16. a4 Ng6 17. a5 a6 18. Qa4 Bd8 19. b4 Kf8 20. Nb3 Bc7 21. Nc5 Nf4 22. Bxf4 Bxf4 23. b5 axb5 24. Qxb5 Ra7 25. Kg2 Qc7 26. a6 bxa6 27. Rxa6 Rxa6 28. Nxa6 Qd6 29. Nc5 g6 30. Qb7 Kg7 31. Bb5 Ne7 32. Re1 Rb8 33. Qd7 Qxd7 34. Bxd7 Rb2 35. Ba4 Ra2 36. Bb3 Rb2 37. Rd1 Nc8 38. Kf1 Nd6 39. Rd3 Rb1+ 40. Kg2 Rb2 41. Kf1 Kf6 42. Nd7+ Ke7 43. Nc5 Ne8 44. Rf3 Bd6 45. Bd1 Bxc5 46. dxc5 Rb1 47. Ke2 Rb7 48. c4 dxc4 49. Kd2 Rc7 50. Kc3 Rxc5 51. Re3 Nf6 52. Bf3 Kd6 53. Re1 Nd5+ 54. Kd4 Ra5 55. Kxc4 Ra3 56. Bxd5 exd5+ 57. Kd4 Rxh3 58. Re8 Rf3 59. Rd8+ Ke7 60. Rxd5 Rf4+ 61. Ke5 Rxg4 62. Ra5 f6+ 63. Kd5 f5 64. Ra7+ Kf6 65. Ra6+ Kg7 66. Ke5 Rf4 67. Ra7+ Kh6 68. Kf6 Rxf2 69. Ra8 Kh5 70. Rh8+ Kg4 71. Rg8 Kf4 72. Rxg6 g4 73. Rg5 Kg3 74. Ke5 f4 75. Ke4 f3 76. Ke3 Re2+ 77. Kd3 Re8 0-1


[Site "https://www.chess.com"]

[Event "Titled Tuesday Blitz November 08 Late 2022"]
[White "Jones, Gawain C B"]
[Black "Svane, Rasmus"]
[WhiteFideId "409561"]
[BlackFideId "4657101"]
[WhiteElo "2657"]
[BlackElo "2674"]
[Result "0-1"]
[Round "05"]
[TimeControl "180+1"]
[Date "2022.11.08"]
[WhiteClock "0:00:02"]
[BlackClock "0:00:33"]

1. Nf3 d5 2. g3 Nf6 3. Bg2 e6 4. O-O Be7 5. c4 O-O 6. b3 d4 7. e3 c5 8. exd4 cxd4 9. Ne5 Qc7 10. f4 Nfd7 11. Nd3 Nc5 12. Nxc5 Bxc5 13. Ba3 Bxa3 14. Nxa3 Qc5 15. Nc2 d3+ 16. Ne3 Nc6 17. Kh1 Rd8 18. a3 a5 19. b4 Qd4 20. b5 Ne7 21. a4 Ra7 22. c5 Qxc5 23. Rc1 Qd4 24. Rc4 Qd6 25. Qb3 b6 26. Rfc1 Bb7 27. Bc6 Ba8 28. Kg1 h6 29. Qc3 Bxc6 30. bxc6 Rc7 31. Qb2 Rxc6 32. Rxc6 Nxc6 33. Qxb6 Nd4 34. Qxd6 Rxd6 35. Rc8+ Kh7 36. Ra8 Nf3+ 37. Kf2 Nxd2 38. Rxa5 Ne4+ 39. Kf3 f5 40. Ra8 Nc3 41. Rc8 Nxa4 42. Rc4 Nb6 43. Rb4 Nd7 44. Nc4 Rd4 45. Ke3 d2 46. Kxd4 d1=Q+ 47. Kc3 0-1


[Site "https://www.chess.com"]

[Event "Titled Tuesday Blitz November 08 Late 2022"]
[White "Joubert, Dantelle"]
[Black "Torres Boch, Jose Francisco"]
[WhiteFideId "14310813"]
[BlackFideId "2278383"]
[WhiteElo "1507"]
[BlackElo "2073"]
[Result "1-0"]
[Round "05"]
[TimeControl "180+1"]
[Date "2022.11.09"]
[WhiteClock "0:00:02"]
[BlackClock "0:00:13"]

1. d4 Nf6 2. c4 e6 3. Nf3 b6 4. g3 Ba6 5. Qc2 d5 6. cxd5 exd5 7. Bg2 Bd6 8. O-O O-O 9. Nc3 Nbd7 10. Bg5 h6 11. Bf4 Bxf4 12. gxf4 c5 13. Rfe1 Rc8 14. Qa4 Bb7 15. Qxa7 Qc7 16. Nb5 Qc6 17. Ne5 Qxb5 18. Qxb7 Rb8 19. Qc6 Qxc6 20. Nxc6 Rbe8 21. dxc5 Nxc5 22. Rad1 Nce4 23. f3 Nd6 24. e4 Nc4 25. e5 Nh5 26. Rxd5 Nxb2 27. Rd4 Ra8 28. f5 Rxa2 29. Rh4 g6 30. fxg6 fxg6 31. f4 Rxf4 32. Bd5+ Kg7 33. Rxf4 Nxf4 34. Bxa2 Nbd3 35. Rd1 Nh3+ 36. Kg2 Nhf4+ 37. Kf3 g5 38. Ke4 Nc5+ 39. Kf5 Ng6 40. e6 Ne7+ 41. Nxe7 Nxe6 42. Kxe6 Kf8 43. Rb1 Kg7 44. Rxb6 Kf8 45. Nd5 Ke8 46. Kf5 Kd8 47. Rxh6 1-0


[Site "https://www.chess.com"]